Map: Ephemeron LE

Players

avilo

  • Race: Terran Terran
  • League: Grandmaster
  • Spawn Location: 11:00

Rob - Winner!

  • Race: Protoss Protoss
  • League: Grandmaster
  • Spawn Location: 5:00

Event: Cheeseadelphia XI, Cheeseadelphia XI

VOD

Have the link to the VOD?

Description

Time

  • Played on: Dec. 14, 2019, 11:24 a.m.
  • Length: 13:33

All games in this series

Show
View Real Time Build Order
Export as new Build Order

avilo Terran 

Build Orders:  

Get SALT Encoding   

  12  0:00  SCV  
  13  0:13  SCV  
  14  0:17  Supply Depot  
  14  0:25  SCV  
  15  0:30  Refinery  
  15  0:39  SCV  
  16  0:48  Barracks  
  16  0:53  SCV  
  17  1:05  SCV  
  18  1:16  Barracks  
  18  1:19  SCV  
  19  1:35  Orbital Command  
  19  1:37  Reaper  
  20  1:53  Supply Depot  
  20  2:00  SCV  
  21  2:02  Barracks Tech Lab  
  21  2:08  Marine  
  21  2:13  SCV  
  25  2:23  Marauder, Concussive Shells  
  25  2:25  SCV  
  26  2:30  Marine  
  26  2:34  Bunker  
  27  2:43  SCV  
  29  2:44  Marauder  
  29  2:48  Marine  
  30  3:03  Bunker  
  30  3:04  Bunker  
  31  3:05  Marauder  
  31  3:10  SCV  
  31  3:16  Marine  
  31  3:26  SCV  
  31  3:30  Marauder  
  30  3:34  Marine  
  28  3:42  SCV  
  27  3:52  Marauder, Marine  
  27  3:54  SCV  
  29  4:01  Command Center  
  29  4:06  SCV  
  30  4:20  Barracks Reactor, Supply Depot  
  30  4:29  Factory  
  30  4:31  SCV  
  31  4:39  Bunker, Refinery  
  31  4:43  SCV  
  32  4:55  SCV  
  32  4:59  Command Center  
  33  5:02  Marine x2  
  35  5:08  SCV  
  35  5:12  Factory Tech Lab  
  36  5:24  SCV  
  39  5:31  Starport  
  39  5:34  Siege Tank  
  40  5:36  SCV  
  41  5:46  Orbital Command  
  41  5:49  SCV  
  42  5:54  Marine x2  
  44  6:01  SCV  
  45  6:05  Bunker  
  45  6:10  Orbital Command  
  45  6:13  SCV  
  45  6:16  SCV  
  44  6:29  Siege Tank, Viking  
  44  6:31  SCV x2  
  47  6:43  SCV x2  
  47  6:45  Engineering Bay, Marine x2  
  51  6:50  SCV  
  52  6:55  SCV  
  51  7:03  Marine x2  
  50  7:10  Siege Tank  
  48  7:20  Marine  
  48  7:21  Marine  
  48  7:22  SCV x3  
  46  7:38  SCV x3, Marine  
  46  7:39  Marine  
  45  7:55  Siege Tank  
  45  7:56  Marine  
  45  7:58  Viking  
  48  8:03  Bunker  
  48  8:05  Marine  
  47  8:15  SCV x2  
  47  8:16  Marine  
  47  8:18  Refinery  
  47  8:19  Refinery  
  50  8:23  Marine  
  50  8:26  SCV  
  52  8:27  Missile Turret, SCV x2  
  52  8:28  Hellion  
  52  8:29  Missile Turret  
  52  8:34  Marine  
  56  8:37  Starport Tech Lab  
  56  8:38  SCV  
  56  8:39  SCV x2  
  56  8:41  Marine  
  61  8:50  SCV  
  61  8:51  SCV  
  63  8:57  Banshee, Cloaking Field  
  63  9:01  Starport  
  63  9:02  SCV x2, Factory  
  68  9:04  Factory  
  68  9:09  Infernal Pre-Igniter  
  68  9:15  Supply Depot  
  68  9:20  Supply Depot  
  68  9:22  SCV  
  68  9:23  Supply Depot  
  67  9:26  Siege Tank  
  69  9:37  Factory  
  69  9:40  Starport Tech Lab  
  69  9:41  Missile Turret x2, Banshee  
  69  9:43  Barracks Reactor  
  72  9:47  Factory Tech Lab  
  72  9:50  SCV  
  73  9:53  SCV x2  
  73  9:58  Siege Tank  
  78  10:02  Raven  
  78  10:03  Armory  
  80  10:10  Siege Tank  
  80  10:11  Hellion x2  
  87  10:15  SCV x3  
  87  10:17  Supply Depot  
  90  10:32  Hellion  
  92  10:38  Siege Tank  
  92  10:39  Hellion  
  92  10:42  Supply Depot x2  
  97  10:46  Siege Tank  
  97  10:48  Missile Turret  
  100  10:54  Hellion  
  99  10:58  Hellion x2  
  103  11:10  Siege Tank, Terran Vehicle Weapons Level 1  
  106  11:11  Armory  
  106  11:13  Supply Depot  
  106  11:15  Supply Depot  
  106  11:18  Hellion x2  
  110  11:30  Siege Tank, Drilling Claws  
  110  11:31  Banshee  
  113  11:34  Hellion x2  
  113  11:38  Supply Depot  
  109  11:46  Siege Tank  
  109  11:47  Hellion x2  
  111  11:56  Supply Depot  
  111  12:01  Hellion x2  
  102  12:18  Siege Tank, Hellion x2  
  73  12:26  SCV  
  73  12:27  SCV  
  61  12:40  Orbital Command, Hellion  
  54  13:02  SCV  
  44  13:15  SCV  
Show
View Real Time Build Order
Export as new Build Order

Rob Protoss - Winner!

Build Orders: 1 Gate Expand 

Get SALT Encoding   

  12  0:00  Probe  
  13  0:12  Probe  
  14  0:17  Pylon  
  14  0:24  Probe (Chrono Boost)  
  15  0:37  Probe (Chrono Boost)  
  15  0:39  Gateway  
  16  0:45  Probe (Chrono Boost)  
  16  0:49  Assimilator  
  17  0:51  Probe  
  18  1:03  Probe  
  19  1:15  Probe  
  20  1:22  Nexus  
  20  1:32  Cybernetics Core  
  20  1:38  Assimilator  
  20  1:40  Probe  
  21  1:49  Pylon  
  21  1:53  Probe  
  22  2:06  Adept (Chrono Boost), Probe  
  23  2:09  Warp Gate  
  24  2:18  Probe  
  25  2:26  Stalker (Chrono Boost)  
  27  2:32  Robotics Facility  
  27  2:39  Shield Battery  
  29  2:55  Shield Battery  
  29  2:56  Shield Battery  
  27  3:04  Pylon  
  27  3:06  Pylon  
  27  3:15  Stalker  
  20  3:43  Probe  
  16  3:56  Probe x2 (Chrono Boost)  
  16  3:59  Sentry  
  16  4:02  Observer (Chrono Boost)  
  21  4:06  Probe (Chrono Boost)  
  21  4:09  Probe (Chrono Boost)  
  23  4:11  Probe (Chrono Boost)  
  24  4:19  Probe  
  24  4:23  Stalker  
  27  4:38  Immortal  
  31  4:43  Zealot  
  33  4:48  Probe (Chrono Boost)  
  33  4:51  Probe (Chrono Boost)  
  35  4:58  Probe (Chrono Boost)  
  37  5:00  Probe (Chrono Boost)  
  37  5:03  Probe (Chrono Boost)  
  38  5:10  Probe  
  39  5:14  Warp Prism (Chrono Boost)  
  39  5:15  Probe  
  39  5:19  Observer  
  42  5:22  Probe  
  42  5:25  Sentry  
  42  5:27  Probe  
  46  5:34  Probe  
  47  5:37  Pylon  
  47  5:40  Probe  
  48  5:46  Probe  
  49  5:51  Stalker  
  49  5:54  Probe (Chrono Boost)  
  52  6:00  Twilight Council  
  52  6:02  Forge  
  52  6:03  Probe (Chrono Boost)  
  53  6:06  Probe (Chrono Boost)  
  55  6:13  Probe (Chrono Boost)  
  55  6:17  Gateway  
  55  6:26  Probe x2  
  57  6:38  Probe x2  
  57  6:42  Stalker  
  59  6:48  Gateway  
  59  6:50  Probe x2  
  59  7:02  Probe  
  59  7:03  Nexus, Probe  
  55  7:19  Charge, Stalker x2  
  55  7:20  Protoss Ground Weapons Level 1 (Chrono Boost)  
  55  7:21  Probe x2  
  61  7:27  Pylon  
  61  7:39  Probe x2  
  61  7:43  Stalker  
  61  7:44  Stalker x2  
  67  7:52  Nexus  
  67  7:59  Probe x2  
  69  8:14  Probe  
  69  8:15  Probe  
  69  8:16  Probe (Chrono Boost)  
  69  8:18  Pylon  
  72  8:24  Gateway x3  
  72  8:26  Gateway  
  72  8:27  Probe (Chrono Boost), Gateway x2  
  73  8:28  Probe (Chrono Boost), Gateway  
  73  8:33  Pylon  
  73  8:34  Probe (Chrono Boost)  
  75  8:36  Probe x2 (Chrono Boost)  
  75  8:40  Probe (Chrono Boost)  
  75  8:41  Probe (Chrono Boost)  
  77  8:42  Probe  
  77  8:44  Pylon  
  80  8:48  Pylon  
  80  8:49  Stalker x3  
  80  8:51  Blink (Chrono Boost)  
  80  8:53  Probe  
  87  8:59  Probe x2 (Chrono Boost)  
  79  9:05  Probe (Chrono Boost)  
  81  9:11  Probe x3 (Chrono Boost)  
  81  9:13  Stalker  
  81  9:16  Probe (Chrono Boost)  
  86  9:23  Stalker x2, Protoss Ground Armor Level 1 (Chrono Boost)  
  86  9:24  Stalker x4  
  98  9:27  Zealot x3  
  104  9:41  Nexus  
  104  9:42  Forge  
  104  9:43  Pylon  
  104  9:47  Probe x3  
  104  9:48  Probe  
  104  9:51  Pylon  
  108  9:53  Pylon  
  108  9:54  Pylon  
  108  9:57  Zealot x4  
  108  9:59  Probe x3  
  119  10:03  Zealot x2  
  119  10:06  Pylon  
  123  10:08  Pylon  
  123  10:16  Zealot x4  
  123  10:20  Protoss Ground Weapons Level 2 (Chrono Boost)  
  131  10:24  Pylon  
  131  10:25  Pylon  
  131  10:26  Pylon  
  131  10:27  Zealot x4  
  139  10:33  Observer (Chrono Boost)  
  139  10:40  Stalker x2  
  142  10:46  Photon Cannon  
  142  10:55  Stalker  
  144  11:03  Stalker  
  144  11:04  Probe x3  
  145  11:13  Zealot x8  
  145  11:17  Pylon  
  161  11:19  Pylon  
  161  11:21  Pylon  
  161  11:23  Pylon  
  161  11:24  Pylon  
  161  11:30  Photon Cannon, Zealot x2  
  165  11:35  Zealot  
  165  11:36  Gateway, Zealot x6  
  165  11:37  Gateway  
  165  11:39  Gateway  
  179  11:41  Zealot  
  179  11:42  Gateway  
  181  11:59  Zealot x3  
  181  12:00  Zealot x6  
  157  12:21  Zealot x6  
  157  12:22  Zealot x4  
  131  12:34  Zealot x3  
  119  12:41  Zealot x5  
  119  12:42  Zealot x6  
  113  13:01  Nexus  
  99  13:11  Nexus  
  89  13:14  Nexus  
  77  13:23  Templar Archives  
  77  13:24  Nexus  
  77  13:25  Pylon  
Tags
 
Add a new tag
Caveats
  • Supply blocks, unpowered buildings, or Contaminate may cause inaccurate times.
  • Supply counts are checked every 10 seconds.